 Dungeon Crawl Stone Soup version 0.30-a0-1114-gd936c97349 (webtiles) character file.

Game seed: 17025666843455876527

149 cforsyth the Trooper (level 4, -7/38 HPs)
             Began as a Demigod Fighter on Apr 20, 2023.
             Mangled by an iguana (12 damage)
             ... on level 3 of the Dungeon.
             The game lasted 00:03:01 (2149 turns).

cforsyth the Trooper (Demigod Fighter)              Turns: 2149, Time: 00:03:01

Health: -7/38      AC:  6    Str: 21    XL:     4   Next: 82%
Magic:  15/15      EV:  9    Int: 10    God:
Gold:   110        SH:  5    Dex: 19    Spells: 3/3 levels left

rFire   . . .      SeeInvis .    a - +0 flail
rCold   . . .      Faith    .    c - +0 buckler
rNeg    . . .      Spirit   .    b - +0 scale mail
rPois   .          Reflect  .    (no helmet)
rElec   .          Rampage  .    (no cloak)
rCorr   .                        (no gloves)
Will    .....                    (no boots) Stlth
                                 (no amulet)
HPRegen 0.26/turn                e - ring of magical power
MPRegen 0.14/turn                p - +6 ring of dexterity

@: no status effects
A: high MP 1, forlorn, divine attributes
a: no special abilities


You were on level 3 of the Dungeon.
You visited 1 branch of the dungeon, and saw 4 of its levels.

You collected 110 gold pieces.

Inventory:

Hand Weapons
 a - a +0 flail (weapon)
Armour
 b - a +0 scale mail (worn)
 c - a +0 buckler (worn)
Jewellery
 e - a ring of magical power (left hand)
 m - a ring of fire
 p - a +6 ring of dexterity (right hand)
Scrolls
 g - a scroll of identify {unknown}
 j - a scroll of enchant weapon {unknown}
 l - a scroll of teleportation {unknown}
 n - a scroll of poison {unknown}
 o - a scroll of amnesia {unknown}
 q - a scroll of immolation {unknown}
Potions
 d - a potion of might
 f - a potion of lignification {unknown}
 h - a potion of degeneration {unknown}
 i - a potion of flight
 k - a potion of heal wounds


   Skills:
 + Level 3.5 Fighting
 + Level 2.7 Maces & Flails
 + Level 3.5 Armour
 + Level 3.5 Shields


You had 3 spell levels left.
You didn't know any spells.
Your spell library was empty.

Dungeon Overview and Level Annotations

Branches:
Dungeon (4/15)
 Temple: D:4-7

Annotations:
D:3 Grinder


Innate Abilities, Weirdness & Mutations

You have an increased reservoir of magic. (+10% MP)
You shall have no god before yourself.
Your divine heritage dramatically boosts your attributes as you level up.


Message History

Found a murky blue potion.
The iguana hisses angrily.
The gnoll shouts!
A gnoll comes into view. It is wielding a +0 whip.
Found a scroll labelled KUPUMI ZOANN.
You hit the iguana but do no damage.
A gnoll comes into view. It is wielding a +0 flail.
The iguana barely misses you.
The gnoll shouts!
You hit the iguana.
The iguana is moderately wounded.
You hear a shout!
The iguana bites you.
An adder comes into view.
The iguana bites you.
You completely miss the iguana.
The iguana is moderately wounded.
The iguana bites you. The iguana attacks as you move away!
The iguana bites you!
There is a stone staircase leading up here.
The iguana bites you!
* * * LOW HITPOINT WARNING * * *
You climb upwards.
Level annotation: Grinder
There is a stone staircase leading down here.
You hit the iguana.
The iguana is moderately wounded.
You block the iguana's attack.
You hit the iguana.
The iguana is heavily wounded.
The iguana closely misses you.
The iguana hisses menacingly.
The iguana closely misses you.
You hit the iguana but do no damage.
The iguana is heavily wounded.
The iguana bites you.
* * * LOW HITPOINT WARNING * * *
You barely miss the iguana.
The iguana is heavily wounded.
The iguana bites you!
You die...

#.# #.# #.# #.# #.#
#.# ###.# #.#
#...###########.#
#.......##...##.##
#....##.#........#
#####...l##.#........#
........@##.#........#
#...........#........#
#..^.........#†#.##.##
#............#.#....#
#............#)######
#......†.....#)#....#
#######
#######...[..#.#.##.#
#.....#
#........####.#.##.#
#.....#
#........##...#.##.#


You could see an iguana.

Vanquished Creatures
  Jessica (D:3)
  An iguana (D:4)
  Robin (D:3)
  2 adders (D:2)
  2 worms (D:2)
  2 dart slugs
  5 endoplasms
  16 goblins
  5 hobgoblins
  5 quokkas
  5 ball pythons
  4 bats
  5 frilled lizards
  A kobold (D:1)
  7 rats
62 creatures vanquished.

Notes
Turn   | Place    | Note
-------+----------+-------------------------------------------
     0 | D:1      | cforsyth the Demigod Fighter began the quest for the Orb.
     0 | D:1      | Reached XP level 1. HP: 18/18 MP: 3/3
   193 | D:1      | Reached XP level 2. HP: 18/25 MP: 4/4
   924 | D:2      | Reached XP level 3. HP: 23/31 MP: 5/5
  1626 | D:3      | Noticed Robin
  1659 | D:3      | Reached XP level 4. HP: 17/38 MP: 6/6
  1670 | D:3      | Killed Robin
  1865 | D:3      | Noticed Jessica
  1872 | D:3      | Killed Jessica
  1969 | D:3      | Noticed Grinder
  1979 | D:3      | Paralysed by Grinder for 5 turns
  2149 | D:3      | Mangled by an iguana

Illustrated notes

Levels and vault maps discovered:
D:1:      spicycebolla_green_bress_n_ham_2, layout_basic, minmay_misc_feat_alley
D:2:      layout_basic, basic_ecumenical_altar
D:3:      layout_basic, chequers_serial_rivers_small_a, uniq_grinder,
          uniq_jessica, uniq_robin
D:4:      layout_rooms, mainiacjoe_overflow_concentric_impassable,
          chequers_serial_rivers_room_b, hangedman_decor_peaks_small

Skill      XL: |  1  2 |
---------------+-------+-----
Maces & Flails | 2 |  2.7
Fighting       | 3 |  3.5
Armour         | 3 |  3.5
Shields        | 3 |  3.5

Action                     |  1- 3 |  4- 6 || total
---------------------------+-------+-------++-------
  Melee: Flail             |   177 |    36 ||   213
    Use: Potion            |     3 |       ||     3
 Armour: Scale mail        |   101 |    12 ||   113
  Dodge: Dodged            |    89 |    16 ||   105
  Block: Buckler           |    53 |     3 ||    56

Table legend: (Time is in decaauts)
 A = Elapsed time spent in this place.
 B = Non-inter-level travel time spent in this place.
 C = Inter-level travel time spent in this place.
 D = Time resting spent in this place.
 E = Time spent auto-exploring this place.
 F = Levels seen in this place.
 G = Mean time per level.
                   A        B        C        D        E       F      G
               +--------+--------+--------+--------+--------+-----+--------+
         Total |   2221 |   2164 |     57 |      0 |   1647 |   4 |  555.2 |
       Dungeon |   2221 |   2164 |     57 |      0 |   1647 |   4 |  555.2 |
               +--------+--------+--------+--------+--------+-----+--------+

Top non-repeatable levels by time:
     D:1: 906 daAuts
     D:2: 754 daAuts
     D:3: 533 daAuts
     D:4: 27 daAuts
